 Dungeon Crawl Stone Soup version 0.31.0-4-g52a2dc7128 (webtiles) character file.

Game seed: 8325901745411347027

67 Xavori the Trooper (level 4, 0/38 HPs)
             Began as a Djinni Chaos Knight on Jan 22, 2024.
             Was a Plaything of Xom.
             Killed from afar by a white imp (6 damage)
             ... with a puff of frost
             ... summoned by Xom
             ... on level 3 of the Dungeon.
             The game lasted 00:02:24 (1417 turns).

Xavori the Trooper (Djinni Chaos Knight)            Turns: 1417, Time: 00:02:25

Health: 0/38       AC:  6    Str: 11    XL:     4   Next: 40%
Gold:   72         EV: 12    Int: 14    God:    Xom [*.....] SH:  0 Dex: 14

rFire   + + .        a - +0 falchion (chaos)
rCold   x . .        (no shield)
rNeg    . . .        b - +2 leather armour
rPois   ∞            (no helmet)
rElec   .            m - +0 cloak
rCorr   .            (no gloves)
SInv    +            (boots unavailable)
Will    .....        (no amulet)
Stlth   +            i - ring of see invisible
HPRegen 0.26/turn    (no ring)
MPRegen 0.00/turn

%: infuse magic (-1 HP)
@: flying
A: sickness immunity, fire resistance 2, cold vulnerability 1, float, innate
caster, HP casting, extra vitality 1, claws 1, sense surroundings 2, robust 1
a: Renounce Religion


You were on level 3 of the Dungeon.
You worshipped Xom.
You were a special plaything of Xom.
You visited 1 branch of the dungeon, and saw 3 of its levels.

You collected 72 gold pieces.

Inventory:

Hand Weapons
 a - a +0 falchion of chaos (weapon)
Armour
 b - a +2 leather armour (worn)
 m - a +0 cloak (worn)
Jewellery
 i - a ring of see invisible (left claw)
Scrolls
 c - a scroll of butterflies
 d - a scroll of immolation {unknown}
 g - a scroll of poison {unknown}
 h - a scroll of fear {unknown}
 j - a scroll of enchant weapon {unknown}
Potions
 e - a potion of attraction {unknown}
 f - a potion of enlightenment {unknown}
 k - 2 potions of curing {unknown}
 l - a potion of might {unknown}


   Skills:
 + Level 3.4 Fighting
 + Level 3.3 Long Blades
 + Level 1.7 Armour
 + Level 2.7 Dodging


You knew the following spells:

 Your Spells              Type           Power      Damage    Failure   Level
a - Apportation           Tloc           0%         N/A       36%         1
Your spell library was empty.

Dungeon Overview and Level Annotations

Branches:
Dungeon (3/15)

Altars:
Yredelemnul

Annotations:
D:3 1 runed translucent door


Innate Abilities, Weirdness & Mutations

You are immune to sickness and miasma.
You are immune to poison.
Your flesh is very heat resistant. (rF++)
You are vulnerable to cold. (rC-)
You float through the air rather than walking.
You learn spells naturally, not from books.
Your magical power is your life essence.
You have superior vitality. (+4 MHP)
You have sharp fingernails.
You passively map the area around you.
You are robust. (+10% HP)


Message History

You slash the scorpion! You freeze the scorpion.
The scorpion is heavily wounded.
The scorpion barely misses you.
The crimson imp falters for a moment.
You hit the scorpion.
The scorpion becomes as fragile as glass!
The scorpion is heavily wounded.
Your butterfly disappears in a puff of smoke!
The scorpion stings you.
The crimson imp grinds its teeth.
The crimson imp barely misses you.
You hit the scorpion.
The scorpion seems to grow stronger.
The scorpion is severely wounded.
The scorpion stings you!
* * * LOW HITPOINT WARNING * * *
The shadow imp closely misses you. The crimson imp misses you.
The scorpion barely misses you.
The shadow imp laughs crazily.
The shadow imp hits you.
* * * LOW HITPOINT WARNING * * *
You barely miss the scorpion.
The scorpion is severely wounded.
The crimson imp barely misses you.
The white imp hits you but does no damage.
The scorpion stings you but does no damage.
The shadow imp barely misses you.
Unknown command.
You hit the crimson imp.
Lightning courses through the crimson imp!
You kill the crimson imp!
The crimson imp disappears in a puff of smoke!
The scorpion stings you.
* * * LOW HITPOINT WARNING * * *
The white imp barely misses you. The shadow imp barely misses you.
The scorpion completely misses you.
The white imp attacks as it pursues you!
The white imp closely misses you. The white imp gestures at you.
The puff of frost hits you.
You feel a terrible chill!
You die... "Boring in life, boring in death..."

##.....### #.. #.#..#
#.###.#... *#.##.....
#.#p+.#._. #......#.
##.###.#... #........
#......#### ###.g.!....
####.......#####.##.5.bb..
#.........8##....##..b....
#...#####..5g5.........bbb
#...####.@.##....#......b.
#...#....####.............
#....<#### #.b..######...
#...### #....# ... #...#
#..>.# ... #...# #....#
,,. #...# ###### * #...#
#####


You could see a white imp (summoned), a shadow imp (summoned), a goblin and a
neutral human (wandering).

Vanquished Creatures
  An adder (D:2)
  6 ball pythons
  6 endoplasms
  A giant cockroach (D:1)
  5 goblins
  6 hobgoblins
  4 jackals
  6 kobolds
  3 quokkas
  4 bats
  2 frilled lizards
  A jackal zombie (D:3)
  A kobold zombie (D:3)
  7 rats
53 creatures vanquished.

Notes
Turn   | Place    | Note
-------+----------+-------------------------------------------
     0 | D:1      | Xavori the Djinni Chaos Knight began the quest for the Orb.
     0 | D:1      | Reached XP level 1. HP: 20/20 MP: 0/0
     0 | D:1      | XOM: silly message
     6 | D:1      | XOM: potion effect (brilliance)
    45 | D:1      | HP: 1/20 [quokka (2)]
    47 | D:1      | Reached XP level 2. HP: 1/25 MP: 0/0
   318 | D:1      | XOM: smoke on damage
   427 | D:1      | Reached XP level 3. HP: 30/30 MP: 0/0
   427 | D:1      | Learned a level 1 spell: Apportation
   454 | D:1      | XOM: chaos cloud
   618 | D:1      | XOM: give mutations
   618 | D:1      | Gained mutation: You are robust. (+10% HP) [Xom's grace]
   618 | D:1      | Gained mutation: You passively map a small area around you.
                  | [Xom's grace]
   618 | D:1      | Gained mutation: You passively map the area around you.
                  | [Xom's grace]
   618 | D:1      | Gained mutation: You have sharp fingernails. [Xom's grace]
   842 | D:2      | Noticed Terence
   847 | D:2      | XOM: confuse monster(s)
   854 | D:2      | Terence changed into Terence the jackal
   854 | D:2      | Noticed Terence
   854 | D:2      | XOM: polymorph Terence -> Terence the jackal
   856 | D:2      | Killed Terence the jackal
   894 | D:2      | Reached XP level 4. HP: 33/38 MP: 0/0
   981 | D:2      | XOM: smoke on damage
  1307 | D:3      | XOM: divination: detect items
  1334 | D:3      | Found a runed translucent door.
  1334 | D:3      | Noticed a human
  1337 | D:3      | Found a basalt altar of Yredelemnul.
  1386 | D:3      | Noticed a scorpion
  1388 | D:3      | XOM: scenery: summon butterflies
  1390 | D:3      | XOM: summons 3 hostile demons
  1391 | D:3      | XOM: blink monster(s)
  1392 | D:3      | XOM: god gift: lumpy sapphire potion {god gift}
  1417 | D:3      | Killed from afar by a white imp

Illustrated notes

Levels and vault maps discovered:
D:1:      dpeg_arrival_fog, layout_rooms
D:2:      layout_rooms, minmay_misc_feat_x, chequers_avenue, st_stairs_2,
          uniq_terence
D:3:      layout_rooms, dk_yredelemnul_ordeal, gammafunk_ghost_gnarly_gnolls,
          serial_shops, nicolae_shop_temple_entry_statues_fountains,
          palyth_stone_intersect, kennysheep_boxes

Skill      XL: |  1  2 |
---------------+-------+-----
Long Blades    | 3 |  3.3
Fighting       | |  3.4
Armour         | |  1.7
Dodging        | |  2.7

Action                     |  1- 3 |  4- 6 || total
---------------------------+-------+-------++-------
  Melee: Falchion          |   104 |    76 ||   180
 Armour: Leather armour    |    88 |    44 ||   132
  Dodge: Dodged            |    91 |    66 ||   157
